Map: Persephone LE

Players

Зло

  • Race: Terran Terran
  • Spawn Location: 7:00

Schwiift - Winner!

  • Race: Zerg Zerg
  • Spawn Location: 11:00

VOD

Have the link to the VOD?

Description

Time

  • Played on: Oct. 28, 2025, 9:12 a.m.
  • Length: 13:37
Show
View Real Time Build Order
Export as new Build Order

Зло Terran 

Build Orders:  

Get SALT Encoding   

  12  0:02  SCV  
  13  0:14  SCV  
  14  0:25  Supply Depot  
  14  0:34  Engineering Bay  
  14  0:41  SCV  
  15  0:53  SCV  
  16  0:58  Barracks  
  16  1:05  SCV  
  16  1:11  Supply Depot  
  17  1:27  SCV  
  18  1:39  SCV  
  19  1:47  Refinery  
  19  1:51  SCV  
  20  2:03  SCV  
  21  2:15  SCV  
  21  2:18  Barracks  
  21  2:21  Marine  
  23  2:34  Refinery  
  23  2:39  Marine  
  24  3:05  Barracks Tech Lab  
  24  3:12  Barracks Tech Lab  
  24  3:25  Command Center  
  24  3:30  SCV  
  25  3:38  Combat Shield  
  25  3:42  Stimpack, SCV  
  26  3:54  SCV  
  26  3:55  Marauder  
  29  3:56  Marauder  
  31  4:10  Factory  
  31  4:30  Supply Depot  
  31  4:31  Supply Depot  
  31  4:33  Supply Depot  
  31  4:37  Marauder x2  
  35  4:50  Barracks  
  35  4:54  Barracks  
  35  4:55  Supply Depot  
  35  4:57  SCV, Supply Depot  
  36  5:00  SCV  
  36  5:03  Concussive Shells  
  37  5:09  Marauder  
  37  5:10  SCV  
  37  5:12  SCV  
  41  5:22  SCV  
  41  5:24  SCV  
  43  5:30  Starport  
  43  5:34  SCV  
  44  5:36  SCV  
  45  5:42  Supply Depot  
  45  5:44  Supply Depot  
  45  5:46  SCV  
  45  5:48  SCV  
  45  5:49  Barracks Reactor  
  47  5:51  Barracks Reactor  
  47  5:58  SCV, Marauder  
  47  5:59  Marauder  
  47  6:00  SCV  
  53  6:19  Marauder  
  53  6:20  Marauder  
  57  6:32  Medivac  
  59  6:35  Marine  
  59  6:36  Marine x3  
  63  6:47  SCV  
  63  6:53  Marine x2  
  63  6:54  Marine x2  
  66  6:59  SCV  
  71  7:07  Marauder x2  
  73  7:11  Marine x3  
  73  7:12  Marine, SCV  
  73  7:14  Starport Reactor  
  78  7:24  SCV  
  78  7:25  Refinery  
  78  7:28  Marauder  
  78  7:29  Marine x4, Marauder  
  85  7:36  SCV  
  88  7:37  Command Center  
  88  7:38  Terran Infantry Weapons Level 1  
  88  7:47  Marine x4  
  88  7:50  Marauder x2  
  96  8:05  Marine x4, Supply Depot x2  
  99  8:11  Supply Depot, Marauder  
  101  8:24  Marauder  
  95  8:29  Supply Depot  
  80  8:40  Marauder  
  67  8:41  Marine x3  
  67  8:42  Marine  
  67  8:45  Marauder  
  67  8:59  Marine x4  
  67  9:01  Marauder  
  73  9:03  Medivac x2  
  73  9:06  Marauder  
  79  9:17  Marine x4  
  79  9:23  Marauder  
  85  9:28  Marauder  
  87  9:33  Medivac x2  
  87  9:34  Marine  
  87  9:35  Marine x3  
  95  9:38  Terran Infantry Armor Level 1  
  95  9:44  Marauder  
  97  9:49  Marauder  
  97  9:52  Marine x2  
  99  9:53  Marine x2  
  103  10:02  Command Center  
  103  10:03  Medivac  
  103  10:05  Marauder  
  107  10:10  Marine x3, Marauder  
  107  10:11  Marine  
  113  10:27  Marauder  
  113  10:28  Marine  
  115  10:31  Marine x2  
  115  10:32  Marine, Marauder  
  121  10:46  Marine  
  121  10:48  Marauder  
  121  10:49  Marine x3  
  126  10:53  Marauder  
  126  10:56  Armory  
  129  11:04  Marine  
  130  11:07  Marine x3  
  130  11:09  Supply Depot  
  130  11:10  Supply Depot  
  133  11:12  Supply Depot  
  133  11:14  Supply Depot  
  133  11:21  Marine  
  133  11:25  Marine x3  
  137  11:34  Supply Depot  
  137  11:35  Marauder, Supply Depot  
  137  11:38  Marauder  
  137  11:39  Marine  
  142  11:42  Marine  
  142  11:43  Marine x2  
  145  11:57  Marine  
  145  12:00  Marine x2  
  145  12:01  Marine  
  149  12:15  Marine  
  150  12:18  Marine x3  
  86  12:41  Marauder  
  86  12:42  Marauder  
  86  12:44  Marine x4  
  65  13:01  Marine  
  65  13:02  Marine x3  
  65  13:03  Marauder x2  
Show
View Real Time Build Order
Export as new Build Order

Schwiift Zerg - Winner!

Build Orders: Hatch First 

Get SALT Encoding   

  12  0:03  Drone  
  13  0:12  Overlord  
  13  0:17  Drone  
  14  0:30  Drone x2  
  16  0:36  Drone  
  17  0:54  Hatchery  
  17  0:56  Drone  
  17  1:01  Drone  
  18  1:14  Spawning Pool  
  18  1:18  Drone  
  18  1:25  Extractor  
  17  1:30  Overlord  
  17  1:36  Drone  
  18  1:41  Drone  
  19  1:51  Drone  
  20  2:02  Queen  
  22  2:09  Drone x2  
  22  2:14  Zergling x2  
  25  2:21  Queen  
  27  2:25  Drone  
  27  2:28  Drone  
  29  2:37  Spine Crawler, Queen, Drone  
  29  2:44  Drone x2  
  33  2:47  Drone  
  33  2:51  Metabolic Boost  
  34  2:55  Extractor  
  34  2:56  Drone  
  34  3:03  Drone x2  
  36  3:11  Overlord x2  
  36  3:29  Overlord  
  36  3:31  Drone  
  36  3:32  Drone  
  38  3:34  Hatchery  
  37  3:43  Drone x3  
  40  3:51  Roach Warren  
  39  3:59  Zergling x6  
  42  4:07  Lair  
  42  4:09  Baneling Nest  
  41  4:10  Queen  
  41  4:14  Drone x2  
  45  4:28  Drone  
  45  4:29  Drone  
  47  4:32  Drone  
  48  4:38  Zergling x2  
  49  4:46  Overlord x2  
  49  4:48  Roach x5  
  59  5:04  Queen  
  59  5:06  Roach x4  
  59  5:07  Roach  
  71  5:14  Glial Reconstitution  
  71  5:20  Evolution Chamber  
  70  5:21  Evolution Chamber  
  69  5:30  Drone  
  69  5:32  Drone x5  
  75  5:36  Extractor  
  75  5:37  Drone x2  
  75  5:38  Extractor, Drone x4  
  79  5:51  Drone x3  
  79  5:55  Overlord x3  
  82  6:13  Baneling  
  82  6:14  Baneling x5  
  82  6:16  Zergling x8  
  86  6:19  Roach x6  
  86  6:20  Roach  
  100  6:36  Zerg Ground Armor Level 1  
  100  6:37  Zerg Missile Weapons Level 1  
  100  6:53  Hydralisk Den  
  99  7:03  Roach x3  
  99  7:05  Overlord  
  99  7:06  Overlord x5  
  105  7:20  Hatchery  
  105  7:22  Baneling x3  
  104  7:23  Baneling x2  
  104  7:28  Roach  
  104  7:29  Roach x3  
  112  7:31  Hydralisk  
  114  7:46  Drone x4  
  114  7:47  Drone x4  
  123  7:51  Drone x4  
  123  7:56  Muscular Augments  
  126  8:02  Hydralisk  
  126  8:03  Hydralisk x2  
  132  8:17  Hydralisk  
  132  8:18  Hydralisk x4  
  111  8:36  Zergling x20  
  107  8:45  Hydralisk x4  
  105  8:54  Zergling x6  
  104  9:01  Hydralisk  
  100  9:18  Zerg Missile Weapons Level 2  
  100  9:19  Zerg Ground Armor Level 2  
  98  9:25  Infestation Pit  
  98  9:28  Extractor  
  98  9:29  Extractor  
  95  9:41  Baneling x6  
  95  9:42  Baneling x3  
  95  9:43  Zergling x10  
  95  9:44  Zergling x38  
  119  10:01  Centrifugal Hooks  
  119  10:04  Hive  
  119  10:13  Baneling x2  
  119  10:14  Baneling x2  
  119  10:20  Overseer  
  119  10:28  Grooved Spines  
  119  10:30  Hydralisk  
  121  10:40  Overlord  
  121  10:49  Extractor  
  120  10:52  Extractor  
  119  11:03  Hydralisk x8  
  135  11:10  Baneling x4  
  135  11:24  Drone x5  
  135  11:25  Drone x3  
  143  11:36  Baneling  
  143  11:37  Baneling x7  
  143  11:46  Spawning Pool  
  142  11:49  Spawning Pool  
  143  11:57  Spire  
  143  11:58  Ultralisk Cavern  
  141  12:01  Hydralisk  
  141  12:02  Hydralisk x7  
  141  12:03  Hydralisk  
  116  12:28  Zergling x2  
  116  12:29  Zergling x40  
  101  12:53  Hydralisk  
  101  12:54  Hydralisk x8  
Tags
 
Matchup
TvZ
Spawn Locations
Close Positions
Add a new tag
Caveats
  • Supply blocks, unpowered buildings, or Contaminate may cause inaccurate times.
  • Supply counts are checked every 10 seconds.